[Event "Titled Tuesday Blitz April 26 Late 2022"]
[White "Korchmar, Vasiliy"]
[Black "Remolar Gallen, Jose"]
[WhiteFideId "24131750"]
[BlackFideId "2215187"]
[WhiteElo "2370"]
[BlackElo "2205"]
[Result "1-0"]
[Round "06"]
[TimeControl "180+1"]
[Date "2022.04.26"]
[WhiteClock "0:00:03"]
[BlackClock "0:00:01"]

1. e4 c5 2. Nf3 d6 3. d4 cxd4 4. Nxd4 Nf6 5. Nc3 a6 6. f3 e5 7. Nb3 Be7 8. Be3 Be6 9. Qd2 Nbd7 10. g4 b5 11. O-O-O Qc7 12. h4 b4 13. Nd5 Bxd5 14. exd5 a5 15. Kb1 O-O 16. h5 Nb6 17. Bxb6 Qxb6 18. g5 Nd7 19. g6 h6 20. gxf7+ Rxf7 21. Bh3 Bg5 22. Qd3 a4 23. Nd2 Nc5 24. Qc4 b3 25. cxb3 Bxd2 26. Rxd2 Rf4 27. Qc3 axb3 28. a3 Raf8 29. Bg4 Rxg4 30. fxg4 Ne4 31. Qd3 Nxd2+ 32. Qxd2 Rf2 33. Qd3 Qd4 34. Qxd4 exd4 35. Rg1 d3 36. Kc1 Rc2+ 37. Kb1 Re2 38. Kc1 Rc2+ 39. Kb1 Kf7 40. Rd1 d2 41. a4 Ke7 42. a5 Rc5 43. Rxd2 Rxa5 44. Rd4 Kf6 45. Kc1 Ke5 46. Rd3 Rxd5 47. Rxb3 Rd4 48. Rg3 d5 49. Kc2 Kf4 50. Rg2 Re4 51. Kd3 Re3+ 52. Kd4 Re4+ 53. Kxd5 Rb4 54. Kc5 Rb3 55. Kc4 Rb7 56. b4 Kf3 57. Rg1 Kf2 58. Rd1 Kf3 59. Rd4 Ke3 60. Rd5 Kf3 61. g5 Kg4 62. g6 Kf4 63. b5 Ke4 64. Rc5 Kf4 65. Kb4 Ke4 66. Ka5 Kd4 67. Rf5 Kc4 68. Rf7 Rb6 69. Kxb6 1-0


[Site "https://www.chess.com"]

[Event "Titled Tuesday Blitz April 26 Late 2022"]
[White "Kosteniuk, Alexandra"]
[Black "Derraugh, Geordie"]
[WhiteFideId "4128125"]
[BlackFideId "2603950"]
[WhiteElo "2469"]
[BlackElo "2116"]
[Result "1-0"]
[Round "06"]
[TimeControl "180+1"]
[Date "2022.04.26"]
[WhiteClock "0:00:10"]
[BlackClock "0:00:03"]

1. e4 c5 2. c3 d5 3. exd5 Qxd5 4. d4 Nf6 5. Nf3 g6 6. Nbd2 Bg7 7. Bc4 Qh5 8. Qb3 O-O 9. Ne5 e6 10. Be2 Qg5 11. O-O cxd4 12. f4 Qh6 13. cxd4 Nc6 14. Ndf3 Nd5 15. Nxc6 bxc6 16. Ne5 c5 17. Bf3 cxd4 18. Bxd5 exd5 19. Qxd5 Be6 20. Qxd4 Rfd8 21. Qf2 Qh5 22. Re1 Rac8 23. Be3 a6 24. Bd4 Bf8 25. Kh1 Rd5 26. Bc3 Rcd8 27. Nf3 Bc5 28. Qg3 Qf5 29. Qg5 Qxg5 30. Nxg5 Bf5 31. h3 h6 32. Nf3 Bd6 33. Be5 Bb4 34. Rec1 Be4 35. Bf6 Re8 36. Rc4 Bxf3 37. Rxb4 Be2 38. Re1 Bb5 39. Rxe8+ Bxe8 40. Rb8 Rd1+ 41. Kh2 Re1 42. Be5 Kf8 43. Ra8 Re2 44. Rxa6 Ke7 45. Bf6+ Kd7 46. Ra8 Kc7 47. Ra7+ Kb6 48. Bd4+ Kb5 49. a4+ Kc4 50. Bc3 Bc6 51. Kg1 Rxg2+ 52. Kf1 Rh2 53. Rc7 Kd5 54. Rxf7 Rxh3 55. Rf6 Rg3 56. Kf2 Rg4 57. a5 Bb5 58. a6 Bxa6 59. Rxa6 Rxf4+ 60. Kg3 g5 61. Rxh6 Ke4 62. Re6+ Kf5 63. Rf6+ Ke4 64. Rxf4+ gxf4+ 65. Kf2 1-0


[Site "https://www.chess.com"]

[Event "Titled Tuesday Blitz April 26 Late 2022"]
[White "Kujawski, Adam"]
[Black "Shuvalova, Polina"]
[WhiteFideId "1100920"]
[BlackFideId "24171760"]
[WhiteElo "2053"]
[BlackElo "2355"]
[Result "1-0"]
[Round "06"]
[TimeControl "180+1"]
[Date "2022.04.26"]
[WhiteClock "0:00:08"]
[BlackClock "0:00:13"]

1. e4 c5 2. Nf3 d6 3. d4 cxd4 4. Nxd4 Nf6 5. Nc3 Nc6 6. Bg5 Bd7 7. Bxf6 gxf6 8. Qd2 Nxd4 9. Qxd4 Qa5 10. O-O-O Rc8 11. f4 Rg8 12. g3 Qc5 13. Be2 Qxd4 14. Rxd4 Bg7 15. Rb4 Bc6 16. Bb5 Kd7 17. Rd1 h5 18. Nd5 Bxb5 19. Rxb5 b6 20. Rb3 Rc5 21. Ra3 Ra5 22. Rxa5 bxa5 23. c3 h4 24. Kc2 e6 25. Ne3 hxg3 26. hxg3 Bf8 27. Nf1 Kc6 28. a4 Rh8 29. b3 Rh1 30. Kd3 Rg1 31. Ke3 Rg2 32. Rd2 Rg1 33. Kf2 Rh1 34. Kg2 Rh5 35. Ne3 Rc5 36. Rd3 Bg7 37. Kf3 f5 38. exf5 Bxc3 39. Nc4 Bb4 40. Rxd6+ Kc7 41. fxe6 fxe6 42. Rxe6 Rd5 43. Ke4 Rd1 44. Rg6 Rb1 45. Rg7+ Kc6 46. Rxa7 Kc5 47. Nxa5 Kb6 48. Rb7+ Kxa5 49. Rb5+ Ka6 50. Rxb4 Re1+ 51. Kf5 Re8 52. Re4 Rb8 53. Ke6 Rb6+ 54. Ke5 Rb7 55. f5 Re7+ 56. Kf4 Rb7 57. g4 Rxb3 58. g5 Rb1 59. f6 Rf1+ 60. Ke5 Kb7 61. Rd4 Kc6 62. Ke6 Rg1 63. Rd2 Rxg5 64. f7 Rg6+ 65. Ke7 Rg7 66. Ke8 Rxf7 67. Kxf7 Kb6 68. Rb2+ Ka5 69. Ke6 Kxa4 70. Rb8 Ka3 71. Kd5 1-0


[Site "https://www.chess.com"]

[Event "Titled Tuesday Blitz April 26 Late 2022"]
[White "Kukula, Pawel"]
[Black "Pasti, Aron"]
[WhiteFideId "1115081"]
[BlackFideId "785857"]
[WhiteElo "2152"]
[BlackElo "2133"]
[Result "0-1"]
[Round "06"]
[TimeControl "180+1"]
[Date "2022.04.26"]
[WhiteClock "0:00:16"]
[BlackClock "0:01:37"]

1. d4 d5 2. Bf4 c5 3. e3 Nc6 4. c3 Nf6 5. Nd2 Bf5 6. Ngf3 Qb6 7. Qb3 c4 8. Qxb6 axb6 9. h3 h6 10. Ne5 b5 11. Nxc6 bxc6 12. a3 e6 13. g4 Bg6 14. Be2 b4 15. O-O bxa3 16. bxa3 Rxa3 17. Rxa3 Bxa3 18. Ra1 Be7 19. Ra8+ Bd8 20. Bc7 Kd7 21. Be5 Re8 22. Ra7+ Kc8 23. Bd1 Bb6 24. Ra2 Kb7 25. Ba4 Rc8 26. Bd6 Ne8 27. Be7 Nc7 28. Rb2 Ra8 29. Rb4 Ra5 30. Bc5 Nb5 31. Bxb6 Kxb6 32. Bxb5 cxb5 33. Kg2 Ra3 34. e4 Rxc3 35. exd5 exd5 36. Nf1 Rd3 37. Ne3 Rxd4 38. Rb2 c3 39. Rb3 b4 40. Nc2 Bxc2 0-1


[Site "https://www.chess.com"]

[Event "Titled Tuesday Blitz April 26 Late 2022"]
[White "Le Goff, Ronan"]
[Black "Harshavardhan G B"]
[WhiteFideId "612073"]
[BlackFideId "25059009"]
[WhiteElo "2276"]
[BlackElo "1831"]
[Result "1-0"]
[Round "06"]
[TimeControl "180+1"]
[Date "2022.04.26"]
[WhiteClock "0:00:36"]
[BlackClock "0:00:17"]

1. d4 Nf6 2. Nf3 c5 3. d5 g6 4. Nc3 Bg7 5. e4 d6 6. Bb5+ Nfd7 7. a4 O-O 8. O-O a6 9. Be2 Nf6 10. h3 b6 11. Re1 Bb7 12. Bf4 Re8 13. Qd2 Nbd7 14. Bf1 Qc7 15. e5 Nh5 16. exd6 exd6 17. Bh2 Nhf6 18. Bc4 Ne5 19. Nxe5 dxe5 20. Qg5 Nd7 21. Rad1 Qd8 22. Qe3 f5 23. d6+ Kf8 24. Nd5 Bxd5 25. Bxd5 Rb8 26. Qd3 b5 27. axb5 axb5 28. Bc6 c4 29. Qd5 Nf6 30. Qc5 Nd7 31. Qa7 Nf6 32. Bxe8 Nxe8 33. Bxe5 Ra8 34. Bxg7+ Nxg7 35. Qe7+ Qxe7 36. Rxe7 Ne8 37. Rxh7 Rd8 38. d7 Nf6 39. Rh8+ Ng8 40. b3 Kg7 41. Rh4 cxb3 42. cxb3 Nf6 43. Rb4 Kf7 44. Rxb5 Ke6 45. Rb6+ Ke7 46. b4 g5 47. b5 f4 48. Rc6 Nxd7 49. Rc7 Ke8 50. Rcxd7 Rxd7 51. Rxd7 Kxd7 52. Kf1 Kc7 53. Ke2 Kb6 54. Kf3 Kxb5 55. Kg4 Kc4 56. Kxg5 Kd3 57. Kxf4 Ke2 58. Kg3 Kd3 59. h4 Ke4 60. Kg4 Ke5 61. Kg5 Ke6 62. Kg6 Ke5 63. h5 Kf4 64. h6 Ke4 65. h7 Kd3 66. h8=Q Ke2 67. Qe8+ Kxf2 68. g4 Kg3 69. g5 Kf4 70. Kf6 Kg4 71. g6 Kh5 72. Qe5+ Kh6 73. Qg5# 1-0


[Site "https://www.chess.com"]

[Event "Titled Tuesday Blitz April 26 Late 2022"]
[White "Lehtosaari, Mauri"]
[Black "Oro, Luis"]
[WhiteFideId "501999"]
[BlackFideId "104094"]
[WhiteElo "2528"]
[BlackElo "2392"]
[Result "1-0"]
[Round "06"]
[TimeControl "180+1"]
[Date "2022.04.26"]
[WhiteClock "0:00:15"]
[BlackClock "0:00:03"]

1. d4 Nf6 2. Nf3 e6 3. Bg5 Be7 4. Nbd2 b6 5. e3 Bb7 6. Bd3 O-O 7. O-O d5 8. c3 c5 9. Ne5 Ne4 10. Bxe7 Qxe7 11. f4 Nd6 12. Qf3 f6 13. Qh3 Ne4 14. Nef3 Nd7 15. g4 f5 16. g5 Kh8 17. Rad1 Rg8 18. Nxe4 dxe4 19. Nh4 Nf8 20. Bc4 Qf7 21. dxc5 bxc5 22. Rd6 Re8 23. Rfd1 g6 24. Qg3 h6 25. Ng2 hxg5 26. Qxg5 Kg7 27. a3 Rh8 28. Qg3 Re7 29. Bb3 Nh7 30. Ba4 Nf6 31. R6d2 Bd5 32. Bb5 Ng4 33. c4 Bb7 34. h3 Nf6 35. b4 a6 36. Ba4 Rc8 37. b5 axb5 38. Bxb5 Rcc7 39. a4 Ne8 40. Nh4 Qf6 41. Rg2 Kf7 42. Nxg6 Ng7 43. Ne5+ Kf8 44. Ng6+ Kf7 45. Nxe7 Rxe7 46. Rgd2 Ne8 47. Rd7 Ng7 48. Rxe7+ 1-0


[Site "https://www.chess.com"]

[Event "Titled Tuesday Blitz April 26 Late 2022"]
[White "Leiva, Gianmarco"]
[Black "Alinasab, Mobina"]
[WhiteFideId "3804399"]
[BlackFideId "12528897"]
[WhiteElo "2323"]
[BlackElo "2031"]
[Result "1-0"]
[Round "06"]
[TimeControl "180+1"]
[Date "2022.04.26"]
[WhiteClock "0:00:04"]
[BlackClock "0:00:01"]

1. e4 c5 2. Nf3 d6 3. Bb5+ Bd7 4. Bxd7+ Qxd7 5. c4 e5 6. Nc3 Nc6 7. d3 g6 8. h4 h5 9. Nd5 Bg7 10. Bg5 Nce7 11. Rb1 Nxd5 12. cxd5 Ne7 13. b4 b6 14. a4 O-O 15. O-O f6 16. Be3 Kh7 17. a5 Bh6 18. Bxh6 Kxh6 19. axb6 axb6 20. bxc5 bxc5 21. Nd2 Rfb8 22. Nc4 Nc8 23. Rb3 Rb5 24. Qd2+ Kg7 25. Rfb1 Rab8 26. Rxb5 Rxb5 27. Rxb5 Qxb5 28. Qa2 Qb4 29. g3 Qb7 30. Kg2 Qa7 31. Qb2 Kh7 32. Qb5 Kg7 33. Qe8 Qc7 34. Qe6 Qd8 35. Kh3 Kh6 36. Qf7 Nb6 37. Nxb6 Qxb6 38. Qf8+ Kh7 39. Qf7+ Kh6 40. Qxf6 Kh7 41. Qe7+ Kh6 42. f4 exf4 43. gxf4 Qb1 44. Qf8+ Kh7 45. Qf7+ Kh6 46. Qf8+ Kh7 47. Qe7+ Kh6 48. Qg5+ Kh7 49. Kh2 Qc2+ 50. Qg2 Qxd3 51. e5 dxe5 52. fxe5 Qe3 53. e6 Qf4+ 54. Kg1 Qe3+ 55. Qf2 Qc1+ 56. Kg2 Qd1 57. Qf7+ Kh6 58. Qf8+ Kh7 59. Qe7+ Kh6 60. Qxc5 Qg4+ 61. Kf2 Qf4+ 62. Ke2 Qh2+ 63. Kd3 Qg2 64. Qe3+ Kh7 65. Kd4 Qg4+ 66. Qe4 Qd1+ 67. Ke5 Qa1+ 68. Kd6 Qa3+ 69. Kd7 Qa7+ 70. Ke8 Qb8+ 71. Kf7 Qc7+ 72. e7 Qd7 73. Qe6 Qc7 74. Qxg6+ Kh8 75. Qg7# 1-0


[Site "https://www.chess.com"]

[Event "Titled Tuesday Blitz April 26 Late 2022"]
[White "Lorenzo De La Riva, Lazaro"]
[Black "Krstulovic, Alex"]
[WhiteFideId "2268809"]
[BlackFideId "760056"]
[WhiteElo "2325"]
[BlackElo "2193"]
[Result "0-1"]
[Round "06"]
[TimeControl "180+1"]
[Date "2022.04.26"]
[WhiteClock "0:00:09"]
[BlackClock "0:00:07"]

1. d4 Nf6 2. c4 e6 3. Nc3 Bb4 4. f3 c5 5. d5 b5 6. e4 O-O 7. Ne2 bxc4 8. a3 Ba5 9. Kf2 exd5 10. Nxd5 Nc6 11. Bg5 Nxe4+ 12. fxe4 Qxg5 13. Ng3 Ne5 14. h4 Qd8 15. Nf5 d6 16. Nfe7+ Kh8 17. h5 f5 18. h6 fxe4+ 19. Kg1 g6 20. Qc2 Bf5 21. Bxc4 Re8 22. Nxf5 gxf5 23. Rh5 Rg8 24. Rf1 Rg5 25. Rh3 Qg8 26. Ne3 Qg6 27. Kh1 Rf8 28. Bd5 Rh5 29. Qe2 Rxh3+ 30. gxh3 Qxh6 31. Qg2 Nf3 32. Rxf3 exf3 33. Qxf3 Qf6 34. Nc4 Bc7 35. Kg2 f4 36. Kf2 Qd4+ 37. Kf1 Re8 38. Kg2 Bd8 39. h4 Bxh4 40. Kh3 Bd8 41. Qh5 Re7 42. Qf5 Qg7 43. Qxf4 Re8 44. Qf5 Rf8 45. Be4 Rxf5 46. Bxf5 Qd4 47. Nxd6 Qxd6 0-1


[Site "https://www.chess.com"]

[Event "Titled Tuesday Blitz April 26 Late 2022"]
[White "Maksimovic, Bojan"]
[Black "Toniutti, Ezio"]
[WhiteFideId "14408120"]
[BlackFideId "113034"]
[WhiteElo "2448"]
[BlackElo "2215"]
[Result "1-0"]
[Round "06"]
[TimeControl "180+1"]
[Date "2022.04.26"]
[WhiteClock "0:01:59"]
[BlackClock "0:00:16"]

1. c4 e5 2. Nc3 Nc6 3. g3 Bc5 4. Bg2 d6 5. e3 a6 6. Nge2 Ba7 7. O-O h5 8. h3 h4 9. g4 f5 10. gxf5 Bxf5 11. d4 Qd7 12. Kh2 Nf6 13. d5 Ne7 14. e4 Bg6 15. f4 exf4 16. Nxf4 O-O-O 17. Ne6 Rdg8 18. Bg5 Nh5 19. Qg4 Kb8 20. Bxe7 Ng3 21. Qxg6 Nxf1+ 22. Rxf1 Qxe7 23. Qf7 Qxf7 24. Rxf7 g5 25. Bf3 Bb6 26. Bg4 Re8 27. Kg2 Rhg8 28. Ne2 Rc8 29. b3 c6 30. Kf3 cxd5 31. exd5 Ka7 32. Ke4 Rce8 33. Nd4 Rg6 34. Nf5 Bc5 35. Kd3 Ba3 36. Kc3 Ka8 37. Ne7 1-0


[Site "https://www.chess.com"]

[Event "Titled Tuesday Blitz April 26 Late 2022"]
[White "Mangialardo, Tiago Carvalho"]
[Black "Ricaurte Lopez, Juan Carlos"]
[WhiteFideId "2130718"]
[BlackFideId "3600327"]
[WhiteElo "2070"]
[BlackElo "2209"]
[Result "0-1"]
[Round "06"]
[TimeControl "180+1"]
[Date "2022.04.26"]
[WhiteClock "0:00:01"]
[BlackClock "0:00:07"]

1. e4 e5 2. Nf3 d5 3. Nxe5 Bd6 4. d4 dxe4 5. Nc4 Nf6 6. Be2 Nc6 7. c3 O-O 8. O-O h6 9. Nxd6 Qxd6 10. f3 Bf5 11. fxe4 Bxe4 12. Bf4 Qd5 13. Bf3 Rfe8 14. Nd2 Bxf3 15. Nxf3 Re7 16. b3 Rae8 17. c4 Qe4 18. Bg3 Nh5 19. Bh4 g5 20. Re1 Qg4 21. Rxe7 Rxe7 22. h3 Qe4 23. d5 Nb4 24. d6 cxd6 25. Qxd6 Nc2 26. Qxh6 gxh4 27. Rf1 Ne3 28. Re1 Qg6 0-1


[Site "https://www.chess.com"]

[Event "Titled Tuesday Blitz April 26 Late 2022"]
[White "Manukyan, Sargis A."]
[Black "Schekachikhin, Maksim"]
[WhiteFideId "13303970"]
[BlackFideId "24177830"]
[WhiteElo "2187"]
[BlackElo "2230"]
[Result "0-1"]
[Round "06"]
[TimeControl "180+1"]
[Date "2022.04.26"]
[WhiteClock "0:00:10"]
[BlackClock "0:00:06"]

1. d4 Nf6 2. c4 b6 3. Nc3 Bb7 4. f3 d5 5. cxd5 Nxd5 6. e4 Nxc3 7. bxc3 e6 8. Be3 c5 9. Bb5+ Nd7 10. Ne2 cxd4 11. cxd4 Bb4+ 12. Kf2 O-O 13. Qa4 a6 14. Bxd7 Qe7 15. a3 Bd6 16. e5 Bb8 17. d5 b5 18. Bxb5 axb5 19. Qxb5 Bxd5 20. a4 Bxe5 21. Rab1 Qh4+ 22. g3 Qxa4 23. Qxa4 Rxa4 24. Rhc1 h6 25. f4 Bf6 26. Nc3 Bxc3 27. Rxc3 Ra2+ 28. Ke1 Rxh2 29. Rbc1 Kh7 30. Bf2 Kg6 31. Ke2 Rh1 32. Rxh1 Bxh1 33. Ke3 Rd8 34. g4 h5 35. Bh4 Rd7 36. gxh5+ Kxh5 37. Be1 Kg6 38. Kf2 Kf5 39. Kg3 Bd5 40. Bf2 f6 41. Be3 Rb7 42. Rc1 g6 43. Re1 Rb2 44. Bf2 Rc2 45. Re3 Rc1 46. Re1 Rc2 47. Be3 Rg2+ 48. Kh3 Rg4 49. Bc1 Bg2+ 50. Kh2 Bf3 51. Rg1 Rh4+ 52. Kg3 Rg4+ 53. Kf2 Rxg1 54. Kxg1 e5 55. fxe5 Kxe5 56. Kf2 Bd5 57. Bb2+ Kf5 58. Ba3 Kg4 59. Be7 f5 60. Bd8 g5 61. Be7 f4 62. Bd8 Kf5 63. Be7 g4 64. Bh4 Ke4 65. Bd8 g3+ 66. Kg1 Kf3 67. Bc7 Kg4 68. Bb8 f3 69. Ba7 Kf5 70. Bb6 Ke4 71. Kf1 Bc4+ 72. Ke1 Kd3 73. Ba7 Ke4 74. Bb6 Kf4 75. Bc7+ Kg4 76. Bb6 Kh3 77. Ba7 Kg2 78. Kd2 f2 79. Kc3 Ba6 80. Kb4 f1=Q 81. Bc5 Qb5+ 82. Ka3 Qxc5+ 83. Ka4 Qb5+ 84. Ka3 Bb7 85. Ka2 Bd5+ 86. Ka1 Qa4+ 87. Kb1 Be4+ 88. Kc1 Qc2# 0-1


[Site "https://www.chess.com"]

[Event "Titled Tuesday Blitz April 26 Late 2022"]
[White "Martic, Ivan"]
[Black "Swiercz, Dariusz"]
[WhiteFideId "929301"]
[BlackFideId "1126881"]
[WhiteElo "2317"]
[BlackElo "2627"]
[Result "0-1"]
[Round "06"]
[TimeControl "180+1"]
[Date "2022.04.26"]
[WhiteClock "0:00:44"]
[BlackClock "0:01:45"]

1. c4 g6 2. Nc3 Bg7 3. e4 c5 4. Nf3 Nc6 5. d3 d6 6. g3 Nf6 7. Bg2 O-O 8. O-O Rb8 9. Nh4 a6 10. a4 Bg4 11. f3 Bd7 12. f4 Nd4 13. a5 e6 14. g4 Nxe4 15. Nxg6 Nxc3 16. Ne7+ Qxe7 17. bxc3 Nc6 18. Bd2 f5 19. gxf5 exf5 20. Kh1 Kh8 21. Qh5 Qf7 22. Qh3 Rbe8 23. Bf3 Ne7 24. Rg1 Bc6 25. Rg2 Rg8 26. Rag1 Bf6 27. Bxc6 bxc6 28. d4 Qxc4 29. dxc5 dxc5 30. Qh6 Qf7 31. c4 Bd4 32. Rxg8+ Nxg8 33. Rg2 Nxh6 0-1


[Site "https://www.chess.com"]

[Event "Titled Tuesday Blitz April 26 Late 2022"]
[White "Martinez Alcantara, Jose Eduardo"]
[Black "Bryakin, Mikhail"]
[WhiteFideId "3805662"]
[BlackFideId "4165314"]
[WhiteElo "2690"]
[BlackElo "2417"]
[Result "1-0"]
[Round "06"]
[TimeControl "180+1"]
[Date "2022.04.26"]
[WhiteClock "0:02:41"]
[BlackClock "0:02:06"]

1. e4 d6 2. d4 Nf6 3. Bd3 g6 4. c3 Bg7 5. Nf3 Nbd7 6. O-O e5 7. h3 O-O 8. Re1 c6 9. Be3 Qc7 10. Nbd2 Nh5 11. Qc2 Nf4 12. Bf1 b5 13. a4 bxa4 14. Rxa4 Bb7 15. Rea1 a5 16. dxe5 dxe5 17. Nc4 Ba6 18. Rxa5 Bxc4 19. Rxa8 Bxf1 20. Rxf8+ Bxf8 21. Kxf1 1-0


[Site "https://www.chess.com"]

[Event "Titled Tuesday Blitz April 26 Late 2022"]
[White "Martinez Reyes, Pedro Ramon"]
[Black "Kozin, Yuri"]
[WhiteFideId "3901807"]
[BlackFideId "4129920"]
[WhiteElo "2410"]
[BlackElo "2565"]
[Result "0-1"]
[Round "06"]
[TimeControl "180+1"]
[Date "2022.04.26"]
[WhiteClock "0:00:11"]
[BlackClock "0:00:09"]

1. f4 d5 2. Nf3 Nf6 3. e3 Bg4 4. b3 e6 5. Bb2 Nbd7 6. h3 Bxf3 7. Qxf3 Bd6 8. g4 O-O 9. Bg2 e5 10. O-O c6 11. g5 Ne4 12. d3 Nec5 13. Nd2 Ne6 14. Qg4 exf4 15. exf4 Bc5+ 16. Kh1 Nd4 17. c3 Nc2 18. b4 Bb6 19. c4 Ne3 20. Qf3 Nxf1 21. Rxf1 a5 22. b5 dxc4 23. Nxc4 cxb5 24. Nd6 Nc5 25. Nf5 Ne6 26. Qxb7 Rb8 27. Qe4 Re8 28. Qe5 f6 29. gxf6 Qxf6 30. Qxb8 Rxb8 31. Bxf6 gxf6 32. Re1 Nxf4 33. Re7 Kf8 34. Rxh7 Rd8 35. Be4 Nxd3 36. Ng7 Nf2+ 37. Kg2 Nxe4 38. Ne6+ Kg8 39. Rb7 Rd2+ 40. Kf3 Ng5+ 41. Nxg5 fxg5 42. Rxb6 Rd3+ 43. Kg4 b4 44. Rb5 Ra3 45. Rxg5+ Kh7 46. Rb5 Rxa2 47. Kh5 Ra3 48. Rb7+ Kg8 49. h4 b3 50. Kh6 a4 51. h5 Ra2 52. Kg6 Rg2+ 53. Kf6 b2 54. h6 a3 55. Rb8+ Kh7 56. Rb7+ Kxh6 57. Rb3 Rf2+ 58. Ke5 a2 59. Rh3+ Kg5 60. Rg3+ Kh4 61. Ra3 0-1


[Site "https://www.chess.com"]

[Event "Titled Tuesday Blitz April 26 Late 2022"]
[White "Menna Barreto, Felipe Kubiaki"]
[Black "Sernecki, Franciszek"]
[WhiteFideId "2119757"]
[BlackFideId "1169297"]
[WhiteElo "2261"]
[BlackElo "2165"]
[Result "0-1"]
[Round "06"]
[TimeControl "180+1"]
[Date "2022.04.26"]
[WhiteClock "0:00:44"]
[BlackClock "0:00:08"]

1. Nf3 Nf6 2. c4 e6 3. g3 d5 4. Bg2 dxc4 5. Qa4+ Bd7 6. Qxc4 c5 7. Qc2 Nc6 8. d3 Be7 9. O-O O-O 10. b3 Rc8 11. Bb2 b6 12. Nbd2 Nd5 13. a3 Bf6 14. Nc4 Bxb2 15. Qxb2 Qe7 16. Rac1 Rfd8 17. Rfd1 Be8 18. h4 h6 19. Rb1 Qf6 20. Qxf6 Nxf6 21. Kf1 Nd4 22. e3 Nxf3 23. Bxf3 Bb5 24. a4 Ba6 25. Ne5 Nd5 26. Rbc1 Nb4 27. Nc4 Bxc4 28. dxc4 Kf8 29. Ke2 Ke7 30. Bb7 Rb8 31. Be4 Na2 32. Rc2 Rxd1 33. Kxd1 Rd8+ 34. Ke2 Nb4 35. Rd2 Rd6 36. Rxd6 Kxd6 37. f4 Na6 38. g4 Nc7 39. g5 hxg5 40. fxg5 Ke5 41. Kf3 g6 42. Bc6 f6 43. Kg4 f5+ 44. Kh3 Kd6 45. Bf3 Ne8 46. h5 gxh5 47. Bxh5 Ng7 48. Bf7 Ke5 49. Kh4 f4 50. exf4+ Kxf4 51. g6 e5 52. Bd5 e4 53. Kh3 e3 54. Kg2 Kg5 55. Bf7 Kf4 56. Kf1 Kf3 57. Bd5+ Kf4 58. Ke2 Nf5 59. Be6 Nd4+ 60. Ke1 Nxe6 61. g7 Nxg7 62. a5 bxa5 63. Ke2 Nf5 64. Ke1 Nd4 65. Kf1 Ke4 66. Ke1 Kd3 67. Kd1 e2+ 68. Ke1 Nc2+ 69. Kf2 e1=Q+ 70. Kf3 Qe4+ 71. Kg3 Ne3 72. Kh3 Qg4+ 73. Kh2 Qg2# 0-1


[Site "https://www.chess.com"]

[Event "Titled Tuesday Blitz April 26 Late 2022"]
[White "Mickiewicz, Piotr"]
[Black "Mayaud, Raphael"]
[WhiteFideId "1114891"]
[BlackFideId "627151"]
[WhiteElo "2266"]
[BlackElo "2191"]
[Result "0-1"]
[Round "06"]
[TimeControl "180+1"]
[Date "2022.04.26"]
[WhiteClock "0:00:03"]
[BlackClock "0:00:13"]

1. Nf3 d5 2. c4 c6 3. g3 Nf6 4. b3 g6 5. Bb2 Bg7 6. Bg2 O-O 7. O-O b6 8. d3 Bb7 9. Nbd2 e6 10. a3 Nbd7 11. b4 c5 12. bxc5 Nxc5 13. a4 Re8 14. a5 bxa5 15. Qc2 Rc8 16. Rfb1 Ba8 17. Ne5 dxc4 18. Ndxc4 Bxg2 19. Kxg2 a4 20. Kg1 Nd5 21. d4 Nd7 22. Rxa4 Nxe5 23. dxe5 Nb6 24. Rc1 Nxa4 25. Qxa4 Qd5 26. Nd6 Rxc1+ 27. Bxc1 Rf8 28. f4 Qc5+ 29. Kg2 Qxc1 30. Qxa7 h5 31. h4 Qc2 32. Kf2 Qc6 33. Qe7 Qa8 34. Qd7 Qd8 35. Qb7 f6 36. exf6 Bxf6 37. Ne4 Bg7 38. Ng5 Qd4+ 39. e3 Qd2+ 40. Kf1 Qd5 41. Qe7 Rc8 42. Kf2 Rc2+ 43. Ke1 Qd2+ 44. Kf1 Qf2# 0-1


[Site "https://www.chess.com"]

[Event "Titled Tuesday Blitz April 26 Late 2022"]
[White "Migot, Tangi"]
[Black "Rosenberg, Evan S"]
[WhiteFideId "662445"]
[BlackFideId "2019299"]
[WhiteElo "2513"]
[BlackElo "2348"]
[Result "1-0"]
[Round "06"]
[TimeControl "180+1"]
[Date "2022.04.26"]
[WhiteClock "0:00:38"]
[BlackClock "0:00:02"]

1. g3 e5 2. Bg2 d5 3. c4 c6 4. cxd5 cxd5 5. Nf3 Nc6 6. d3 Nf6 7. O-O h6 8. Nc3 Bd6 9. e4 d4 10. Nb5 Bb8 11. a4 O-O 12. b3 a6 13. Na3 b5 14. Bd2 Be6 15. axb5 axb5 16. Nxb5 Rxa1 17. Qxa1 Bxb3 18. Rc1 Ne7 19. Bb4 Re8 20. Qa3 Be6 21. Nd6 Bxd6 22. Bxd6 Ng6 23. Nxe5 Nxe5 24. Bxe5 Ng4 25. Bf4 Qf6 26. h3 Nxf2 27. Kxf2 g5 28. e5 Qf5 29. Qa4 Bd7 30. Qxd4 gxf4 31. gxf4 Bb5 32. Rc3 Re6 33. Qe4 Qxe4 34. Bxe4 Kg7 35. Ke3 Ra6 36. d4 Ra1 37. d5 Re1+ 38. Kd4 Rd1+ 39. Kc5 Bf1 40. Bf5 Bg2 41. d6 h5 42. d7 Rd5+ 43. Kb6 Rd2 44. Bd3 1-0


[Site "https://www.chess.com"]

[Event "Titled Tuesday Blitz April 26 Late 2022"]
[White "Mikhailov, Viacheslav"]
[Black "Moraes, Nelson da Silva"]
[WhiteFideId "4187369"]
[BlackFideId "2140772"]
[WhiteElo "2381"]
[BlackElo "2123"]
[Result "0-1"]
[Round "06"]
[TimeControl "180+1"]
[Date "2022.04.26"]
[WhiteClock "0:00:06"]
[BlackClock "0:00:23"]

1. Nf3 d5 2. g3 c5 3. Bg2 Nc6 4. d4 e6 5. O-O Nf6 6. c4 Be7 7. cxd5 exd5 8. Nc3 O-O 9. dxc5 Bxc5 10. Bg5 Be6 11. Rc1 Be7 12. Nd4 Rc8 13. Nxe6 fxe6 14. e4 d4 15. Ne2 e5 16. Qb3+ Kh8 17. Qxb7 Qd6 18. Bxf6 Bxf6 19. Rfd1 Rc7 20. Qb5 Rb8 21. Qd5 Be7 22. Rc2 Nb4 23. Qxd6 Bxd6 24. Rxc7 Bxc7 25. a3 Na2 26. Rd2 a5 27. Bh3 a4 28. Be6 Ba5 29. Rc2 d3 30. b4 dxc2 31. Bxa2 Bb6 32. Kg2 Rd8 33. Bd5 Rc8 34. Nc1 Bd4 35. b5 Bb2 36. Nd3 c1=Q 37. Nxc1 Bxc1 38. b6 Bxa3 39. b7 Rb8 40. Bc6 Kg8 41. f4 Bd6 42. fxe5 Bxe5 43. Bxa4 Kf8 44. Bc6 Ke7 45. Bd5 Bc7 46. h4 Kd6 47. Kf3 Ke5 48. Kg4 Rf8 49. h5 Rf6 50. Kg5 h6+ 51. Kg4 Rd6 52. Kf3 Rxd5 53. exd5 Kxd5 54. Kg4 Kc6 55. Kf5 Kxb7 56. g4 Bd8 57. Kg6 Bf6 58. g5 hxg5 59. Kf5 Kc6 60. h6 gxh6 61. Kg4 Kd5 62. Kh5 Ke4 63. Kg4 Be7 64. Kh5 Kf4 0-1


[Site "https://www.chess.com"]

[Event "Titled Tuesday Blitz April 26 Late 2022"]
[White "Mirza, Diana"]
[Black "Kashefi, Amir Hosein"]
[WhiteFideId "2503999"]
[BlackFideId "12557935"]
[WhiteElo "1813"]
[BlackElo "2008"]
[Result "0-1"]
[Round "06"]
[TimeControl "180+1"]
[Date "2022.04.26"]
[WhiteClock "0:00:02"]
[BlackClock "0:00:04"]

1. e4 c5 2. Nf3 Nc6 3. Bb5 g6 4. c3 Bg7 5. O-O Nf6 6. e5 Nd5 7. d4 cxd4 8. cxd4 O-O 9. Nc3 Nxc3 10. bxc3 d5 11. Bg5 Bg4 12. h3 Bxf3 13. Qxf3 Rc8 14. Qe3 Qa5 15. Rfb1 e6 16. Bf6 a6 17. Be2 b5 18. h4 Nb8 19. Rb3 Bxf6 20. exf6 Qd8 21. Qg5 Nd7 22. a4 Nxf6 23. axb5 axb5 24. Bxb5 Ne4 25. Qh6 Rxc3 26. Rxc3 Nxc3 27. h5 Nxb5 28. hxg6 hxg6 29. g3 Qf6 30. Kg2 Qg7 31. Qh4 Qxd4 32. Qh1 Qe4+ 33. f3 Qe2+ 34. Kh3 Nd4 0-1


[Site "https://www.chess.com"]

[Event "Titled Tuesday Blitz April 26 Late 2022"]
[White "Miszler, Levente"]
[Black "Potapova, Margarita"]
[WhiteFideId "763276"]
[BlackFideId "14126869"]
[WhiteElo "1966"]
[BlackElo "2216"]
[Result "0-1"]
[Round "06"]
[TimeControl "180+1"]
[Date "2022.04.26"]
[WhiteClock "0:00:05"]
[BlackClock "0:00:35"]

1. Nf3 Nf6 2. c4 e6 3. g3 b6 4. Bg2 Bb7 5. O-O Be7 6. b3 O-O 7. Bb2 a5 8. a3 d5 9. d4 Nbd7 10. Nbd2 a4 11. b4 c5 12. dxc5 bxc5 13. cxd5 Nxd5 14. bxc5 Nxc5 15. Rb1 Ba6 16. Re1 Nf6 17. Ne5 Rc8 18. Nc6 Qc7 19. e4 Qxc6 20. Bxf6 gxf6 21. e5 Qc7 22. Rc1 Qd8 23. Qg4+ Kh8 24. exf6 Bxf6 25. Ne4 Nxe4 26. Bxe4 Rg8 27. Qh5 Rg7 28. Rcd1 Qf8 29. Rd7 Rd8 30. Ra7 Bd3 31. Rxa4 Bxe4 32. Rexe4 Qd6 33. Kg2 Qd5 34. Qf3 Rg6 35. h4 Bg7 36. Qxf7 Rf6 37. Qe7 Rdf8 38. f4 Qd2+ 39. Kh3 Qd1 40. Kg2 Rg6 41. Qb4 Qc2+ 42. Kh3 Qd3 0-1


[Site "https://www.chess.com"]